 Dungeon Crawl Stone Soup version 0.18.1-8-gdd0e5ea (webtiles) character file.

310 M4edhros the Covert (level 6, -9/38 HPs)
             Began as an Octopode Artificer on June 7, 2016.
             Killed from afar by an orc wizard (10 damage)
             ... with a puff of flame
             ... on level 5 of the Dungeon.
             The game lasted 00:02:08 (2177 turns).

M4edhros the Covert (Octopode Artificer)            Turns: 2177, Time: 00:02:09

Health: -9/38      AC:  1    Str: 10    XL:     6   Next: 41%
Magic:  8/8        EV: 12    Int: 15    God:
Gold:   144        SH:  0    Dex: 11    Spells: 0 memorised, 5 levels left

rFire  . . .     SeeInvis .     a - +0 short sword
rCold  . . .     Gourm    .     (no shield)
rNeg   + . .     Faith    .     (helmet restricted)
rPois  .         Spirit   .     (no amulet)
rElec  .         Dismiss  .     j - ring of positive energy
rCorr  +         Reflect  .     o - ring of resist corrosion
SustAt .         Harm     .     q - -3 ring of dexterity (curse)
MR     .....                    (no ring)
Stlth  +++++.....               (no ring)
                                (no ring)
                                (no ring)
                                (no ring)

@: not resistant to hostile enchantments, quite stealthy
A: almost no armour, amphibious, 8 rings, constrict 8, camouflage 1, gelatinous
body 1
a: no special abilities


You were on level 5 of the Dungeon.
You were not hungry.

You visited 1 branch of the dungeon, and saw 5 of its levels.

You collected 144 gold pieces.

Inventory:

Hand Weapons
 a - a +0 short sword (weapon)
Jewellery
 j - a ring of positive energy (left tentacle)
 o - a ring of resist corrosion (right tentacle)
 q - a cursed -3 ring of dexterity (on tentacle)
Wands
 b - a wand of flame (15/48)
 c - a wand of enslavement (12/24)
 d - a wand of random effects (14/48)
 p - a wand of paralysis (13/24)
Scrolls
 e - a scroll of enchant weapon {unknown}
 h - a scroll of amnesia {unknown}
 i - 3 scrolls of identify
 l - a scroll of immolation {unknown}
 r - a scroll of teleportation {unknown}
Potions
 g - a potion of cancellation
 m - a potion of cure mutation {unknown}
Comestibles
 f - 2 bread rations
 n - a royal jelly


   Skills:
 - Level 1.0 Fighting
 - Level 1.0 Short Blades
 - Level 2.0 Dodging
 + Level 9.1 Stealth
 - Level 3.2 Evocations


You had 5 spell levels left.
You didn't know any spells.

Dungeon Overview and Level Annotations

Branches:
Dungeon (5/15)
 Temple: D:4-7

Altars:
Gozag
Pakellas
Qazlal
Ru
Sif Muna
Trog


Innate Abilities, Weirdness & Mutations

You cannot wear most types of armour.
You are amphibious.
You can wear up to eight rings at the same time.
You can use your tentacles to constrict eight enemies at once.
Your skin changes colour to match your surroundings (Stealth).
Your rubbery body absorbs attacks (AC +1).


Message History

Deactivating autopickup; reactivate with Ctrl-A.
The orc wizard hits you with a dagger.
You hit the orc wizard.
The orc wizard is almost dead.
You constrict the orc wizard.
You kill the orc wizard!
Your Stealth skill increases to level 9!
You constrict something. Something hits you. x2
* * * LOW HITPOINT WARNING * * *
You release your grip on something.
Something hits you.
* * * LOW HITPOINT WARNING * * *
Things that are here:
a dagger; a robe Unknown command.
You miss something. Something hits you.
* * * LOW HITPOINT WARNING * * *
You hear some strange, mumbled words.
A puff of flame appears from out of thin air!
The puff of flame hits you!
You die...

,,,,,,,,,,,,,,,* *,,,,,,,,
****,,,,,,,,,,,* *,,,,,,,,
*,,,,,,,,,,,* *,,,,,,,,
*,,,,,,,,,,,* ************
*,,,,,,,,,,,* *,,,,,,,,,,,
#######***************,,,,,,,,,,,
......# *,,,,,,,,,,,,,,,,,,,,,,,,
......# *,,,,,*#####*,,,,,,,,,,,,
...<..# #.....##@{.##.,,,,,,,,,,,
......# #.....##≈≈≈##..,,,,,,,,,,
......# #.....##...##..,,,,,,,,,,
#..+#.# #.....##...##.#**********
....#.# #.....###'###.# ***##****
...(..# #.....#.8.8.#.# *,..,,,,,
._..#.# #.....#.._..#.###.#******
....#.# #.....##...##.'...# *
...,#.###......##.##..###.# *


There were no monsters in sight!

Vanquished Creatures
  Blork the orc (D:4)
  A hound (D:5)
  An orc wizard (D:5)
  2 worker ants
  An iguana (D:4)
  A gnoll (D:4)
  2 adders
  2 dart slugs (D:1)
  A giant gecko (D:2)
  4 orcs (D:3)
  A ball python (D:4)
  A bat (D:2)
  2 goblins (D:1)
  5 hobgoblins
  3 jackals (D:1)
  2 quokkas (D:4)
  2 kobolds
  3 rats
35 creatures vanquished.

Vanquished Creatures (collateral kills)
  A gnoll (D:4)
1 creature vanquished.

Vanquished Creatures (others)
  A scorpion (D:4)
  A gnoll (D:4)
2 creatures vanquished.

Grand Total: 38 creatures vanquished

Notes
Turn   | Place    | Note
--------------------------------------------------------------
     0 | D:1      | M4edhros the Octopode Artificer began the quest for the Orb.
     0 | D:1      | Reached XP level 1. HP: 13/13 MP: 3/3
    10 | D:1      | Reached skill level 2 in Stealth
   114 | D:1      | Reached skill level 3 in Stealth
   114 | D:1      | Reached XP level 2. HP: 18/18 MP: 4/4
   507 | D:2      | Found an opulent altar of Gozag.
   542 | D:2      | Reached skill level 4 in Stealth
   550 | D:2      | Reached XP level 3. HP: 20/23 MP: 5/5
   588 | D:2      | Found a stormy altar of Qazlal.
   991 | D:4      | Found a bloodstained altar of Trog.
  1030 | D:4      | Reached skill level 5 in Stealth
  1034 | D:4      | Noticed Blork the orc
  1035 | D:4      | Noticed a scorpion
  1038 | D:4      | Reached XP level 4. HP: 18/28 MP: 6/6
  1048 | D:4      | Killed Blork the orc
  1048 | D:4      | Reached skill level 7 in Stealth
  1048 | D:4      | Reached XP level 5. HP: 16/33 MP: 7/7
  1233 | D:4      | Found a sacrificial altar of Ru.
  1472 | D:4      | Reached skill level 8 in Stealth
  1608 | D:4      | Reached XP level 6. HP: 23/38 MP: 8/8
  1847 | D:5      | Entered Level 5 of the Dungeon
  1847 | D:5      | Found an oddly glowing altar of Pakellas.
  2147 | D:5      | Found a deep blue altar of Sif Muna.
  2175 | D:5      | Reached skill level 9 in Stealth
  2177 | D:5      | HP: 1/38 [something (4)]
  2177 | D:5      | Killed from afar by an orc wizard

Skill      XL: |  1  2  3  4  5  6 |
---------------+-------------------+-----
Stealth        | 3 4 5 7 8 9 |  9.1
Fighting       | |  1.0
Short Blades   | |  1.0
Dodging        | |  2.0
Evocations     | |  3.2

Action                   |  1- 3 |  4- 6 || total
-------------------------+-------+-------++-------
Melee: Short sword       |    56 |    40 ||    96
       Constrict         |    18 |    10 ||    28
       Tentacles         |    10 |     7 ||    17
Evoke: Wand              |     1 |     3 ||     4
  Use: Scroll            |       |     7 ||     7
 Stab: Sleeping          |     8 |     1 ||     9
       Paralysed         |       |     2 ||     2
  Eat: Chunk             |       |     4 ||     4
Armor: Skin              |     7 |     2 ||     9
Dodge: Dodged            |    35 |    23 ||    58
